 Dungeon Crawl Stone Soup version 0.31-a0-435-g2c6fae2916 (webtiles) character file.

Game seed: 789531815450475802

476 Newt the Skirmisher (level 7, -1/39 HPs)
             Began as a Kobold Hunter on Aug 1, 2023.
             Was a Follower of Hepliaklqana.
             Slain by CraigForest's ghost (4 damage)
             ... on level 4 of the Dungeon.
             The game lasted 00:02:50 (3515 turns).

Newt the Skirmisher (Kobold Hunter)                 Turns: 3515, Time: 00:02:51

Health: -1/39      AC:  3    Str:  9    XL:     7   Next: 33%
Magic:  7/7        EV: 14    Int: 10    God:    Hepliaklqana [*.....]
Gold:   177        SH:  0    Dex: 20    Spells: 6/6 levels left

rFire   . . .        a - +2 shortbow
rCold   . . .        (shield currently unavailable)
rNeg    . . .        c - +0 leather armour
rPois   .            (no helmet)
rElec   .            (no cloak)
rCorr   .            (no gloves)
SInv    .            (no boots)
Will    +....        (no amulet)
Stlth   +++          (no ring)
HPRegen 0.26/turn    (no ring)
MPRegen 0.10/turn

%: no passive effects
@: mighty, attractive, enlightened, flying
A: reduced essence, small, no large weapons, nightstalker 3
a: Renounce Religion, Recall Ancestor, Ancestor Identity


You were on level 4 of the Dungeon.
You worshipped Hepliaklqana.
Hepliaklqana was aware of your devotion.
You visited 1 branch of the dungeon, and saw 4 of its levels.

You collected 177 gold pieces.

Inventory:

Hand Weapons
 a - a +2 shortbow (weapon)
 n - a +0 sling
Armour
 c - a +0 leather armour (worn)
Jewellery
 l - a ring of magical power
Wands
 m - a wand of quicksilver (10)
Scrolls
 b - a scroll of butterflies
 e - 2 scrolls of teleportation
 i - a scroll of identify
Potions
 d - 3 potions of lignification
 g - 2 potions of brilliance


   Skills:
 - Level 5.0 Fighting
 + Level 9.4 Ranged Weapons
 - Level 2.4 Dodging
 - Level 1.3 Stealth


You had 6 spell levels left.
You didn't know any spells.
Your spell library contained the following spells:

 Spells                   Type           Power      Damage    Failure   Level
 Apportation              Tloc           0%         N/A       47%         1
 Necrotise                Necr           0%         1d4       47%         1
 Summon Small Mammal      Summ           0%         N/A       47%         1
 Tukima's Dance           Hex            0%         N/A       85%         3
 Passage of Golubria      Tloc           0%         N/A       99%         4
 Summon Ice Beast         Ice/Summ       0%         N/A       99%         4
 Summon Mana Viper        Hex/Summ       0%         N/A       100%        5
 Yara's Violent Unravell  Hex/Tmut       0%         3d3       100%        5
 Monstrous Menagerie      Summ           0%         N/A       100%        7


Dungeon Overview and Level Annotations

Branches:
Dungeon (4/15)             Temple (0/1) D:4

Altars:
Hepliaklqana
Sif Muna
Xom

Shops:
D:3 [

Annotations:
D:4 CraigForest's ghost, amateur GrSh


Innate Abilities, Weirdness & Mutations

Your life essence is reduced to manifest your ancestor. (-10% HP)
You are small and have problems with some larger weapons.
You are completely attuned to the shadows.


Message History

The arrow hits CraigForest's ghost but does no damage.
CraigForest's ghost is moderately damaged.
CraigForest's ghost hits you!
Tiberia hits CraigForest's ghost.
You are too injured to fight recklessly!
You are too injured to fight recklessly!
You shoot an arrow. The arrow hits CraigForest's ghost.
CraigForest's ghost is heavily damaged.
Tiberia hits CraigForest's ghost but does no damage.
CraigForest's ghost barely misses you.
You shoot an arrow.
The arrow hits CraigForest's ghost but does no damage.
CraigForest's ghost is heavily damaged.
Tiberia hits CraigForest's ghost but does no damage.
CraigForest's ghost barely misses you.
You shoot an arrow.
The arrow barely misses CraigForest's ghost.
Tiberia avoids your attack. CraigForest's ghost hits you!
* * * LOW HITPOINT WARNING * * *
Tiberia barely misses CraigForest's ghost.
Tiberia hits CraigForest's ghost but does no damage.
CraigForest's ghost hits you.
* * * LOW HITPOINT WARNING * * *
Unknown command.
It was a potion of attraction.
You feel attractive to monsters.
Tiberia hits CraigForest's ghost but does no damage.
CraigForest's ghost barely misses you.
It was a potion of enlightenment.
You feel very buoyant.
You fly up into the air.
CraigForest's ghost completely misses you.
Tiberia completely misses CraigForest's ghost.
It was a potion of magic.
Magic courses through your body. CraigForest's ghost barely misses you.
Tiberia hits CraigForest's ghost but does no damage.
It was a potion of might.
You feel very mighty all of a sudden.
Tiberia hits CraigForest's ghost but does no damage.
CraigForest's ghost hits you.
You die...

.##..#..........#..##...# ###.#
..#..#.########.#R.##...## #.#.#
###..#........#....###...## #.#.#
#.################ ##...###.#.#
#.# .#.#.^......# ##...##.#.#
###.# ...#..#####.# #..[##.#.#
....# ...'..## #.# ##...#<#.#
.#### ...'...####.# #...#.#.#
.##.# ...'...RW@..### ##...#....
....# ...#..#######.###.#.##.#.#
....# .#.#......[.....#'#.รท..#.#
....################.#....#####.#
........# #.....R.#....+.....#
........# #.#######....####..#
...##.########............# #..#
...##............######...# #..#
'###############.#############..#


You could see the friendly Tiberia the ancestor and CraigForest's ghost (ally
target).

Vanquished Creatures
  2 orc priests (D:4)
  A centaur skeleton (D:4)
  A bullfrog skeleton (D:4)
  Ijyb (D:4)
  Terence (D:2)
  2 iguanas (D:4)
  2 orc wizards
  Robin (D:4)
  4 gnolls (D:4)
  4 adders
  2 worms
  2 dart slugs
  14 orcs
  8 ball pythons
  7 bats
  5 endoplasms
  5 giant cockroaches
  3 hobgoblins
  3 jackals (D:1)
  10 kobolds
  3 frilled lizards
  14 goblins
  7 rats
102 creatures vanquished.

Vanquished Creatures (collateral kills)
  An orc (D:4)
  A hobgoblin (D:4)
  A kobold (D:4)
3 creatures vanquished.

Grand Total: 105 creatures vanquished

Notes
Turn   | Place    | Note
-------+----------+-------------------------------------------
     0 | D:1      | Newt the Kobold Hunter began the quest for the Orb.
     0 | D:1      | Reached XP level 1. HP: 12/12 MP: 1/1
    82 | D:1      | Reached XP level 2. HP: 11/18 MP: 2/2
   256 | D:1      | Found a faded altar of an unknown god.
   304 | D:1      | Reached XP level 3. HP: 23/23 MP: 3/3
   556 | D:2      | Noticed Terence
   562 | D:2      | Killed Terence
   563 | D:2      | Reached XP level 4. HP: 24/30 MP: 4/4
  1050 | D:2      | Reached skill level 5 in Fighting
  1410 | D:3      | Reached XP level 5. HP: 29/35 MP: 5/5
  1588 | D:3      | Reached skill level 6 in Ranged Weapons
  1836 | D:3      | Found Juogoallis's Armour Shop.
  1856 | D:3      | Found a shimmering blue altar of Sif Muna.
  1996 | D:3      | Found a hazy altar of Hepliaklqana.
  1997 | D:3      | Found a shimmering altar of Xom.
  1999 | D:3      | Noticed a phantom
  1999 | D:3      | Noticed a spectral ugly thing
  2009 | D:3      | Became a worshipper of Hepliaklqana the Forgotten
  2156 | D:4      | Noticed Robin
  2156 | D:4      | Noticed Ijyb
  2166 | D:4      | Killed Robin
  2194 | D:4      | Reached skill level 7 in Ranged Weapons
  2194 | D:4      | Reached XP level 6. HP: 26/40 MP: 6/6
  2536 | D:4      | Found a staircase to the Ecumenical Temple.
  2579 | D:4      | Reached skill level 8 in Ranged Weapons
  2798 | D:4      | Found a runed translucent gate.
  2798 | D:4      | Found a runed translucent gate.
  2799 | D:4      | Found a runed translucent gate.
  2877 | D:4      | Reached * piety under Hepliaklqana
  3027 | D:4      | Reached XP level 7. HP: 39/39 MP: 7/7
  3262 | D:4      | Killed Ijyb
  3263 | D:4      | Reached skill level 9 in Ranged Weapons
  3491 | D:4      | Noticed CraigForest's ghost (amateur GrSh)
  3515 | D:4      | Slain by CraigForest's ghost

Illustrated notes

Levels and vault maps discovered:
D:1:      wander_arrival_estate, layout_rooms, basic_ecumenical_altar,
          minmay_misc_feat_columns
D:2:      layout_basic, uniq_terence
D:3:      layout_loops_cross, nicolae_sif_muna_little_library,
          regret_index_temple_of_mockery, serial_shops, shop,
          kennysheep_big_empty_room, minmay_misc_feat_hallway
D:4:      layout_basic, minmay_temple_entry_statues_fountains, serial_curves,
          eino_curves_02, eino_curves_01, gammafunk_ghost_necromancy,
          nicolae_goblin_pals

Skill      XL: |  1  2  3  4  5  6  7 |
---------------+----------------------+-----
Fighting       | 3 4 5 |  5.0
Ranged Weapons | 7 8 9 |  9.4
Dodging        | |  2.4
Stealth        | |  1.3

Action                     |  1- 3 |  4- 6 |  7- 9 || total
---------------------------+-------+-------+-------++-------
   Fire: Shortbow          |    52 |   189 |    36 ||   277
 Invoke: Recall Ancestor   |       |       |     1 ||     1
    Use: Scroll            |     3 |     4 |       ||     7
         Potion            |       |       |     4 ||     4
 Armour: Leather armour    |     4 |    14 |     1 ||    19
  Dodge: Dodged            |     6 |    62 |    16 ||    84

Table legend: (Time is in decaauts)
 A = Elapsed time spent in this place.
 B = Non-inter-level travel time spent in this place.
 C = Inter-level travel time spent in this place.
 D = Time resting spent in this place.
 E = Time spent auto-exploring this place.
 F = Levels seen in this place.
 G = Mean time per level.
                   A        B        C        D        E       F      G
               +--------+--------+--------+--------+--------+-----+--------+
         Total |   3548 |   3511 |     37 |      0 |   3013 |   4 |  887.0 |
       Dungeon |   3548 |   3511 |     37 |      0 |   3013 |   4 |  887.0 |
               +--------+--------+--------+--------+--------+-----+--------+

Top non-repeatable levels by time:
     D:4: 1367 daAuts
     D:2: 851 daAuts
     D:3: 851 daAuts
     D:1: 479 daAuts
